| TOP OF THE 1ST |
|
New Orleans Zephyrs batting - Pitching for Louisville Bats : LHP William Lobo
|
|
Pitching: LHP William Lobo
|
|
|
Batting: SHB Ramon Martinez
|
0-0: Fly out, F9 (Flyball, 9, EV 93.8 MPH)
|
|
Batting: RHB Omar Contreras
|
0-0: Ball 1-0: Foul Ball, location: 2F 1-1: DOUBLE (Line Drive, 8RD, EV 91.9 MPH)
|
|
Batting: RHB Alex Gomez
|
0-0: Foul Ball, location: 2F 0-1: Swinging Strike 0-2: Ball 1-2: Ball 2-2: Ball 3-2: Ground out 6-3 (Groundball, 6, EV 105.0 MPH)
|
|
Batting: RHB Gebre-Giorgios Tikolo
|
0-0: Called Strike 0-1: Ball 1-1: Swinging Strike 1-2: Ball 2-2: Ball 3-2: Ground out 1-3 (Groundball, 13S, EV 66.9 MPH)
|
| Top of the 1st over - 0 runs, 1 hit, 0 errors, 1 left on base; New Orleans 0 - Louisville 0 |
| BOTTOM OF THE 1ST |
|
Louisville Bats batting - Pitching for New Orleans Zephyrs : RHP John Dinsmore
|
|
Pitching: RHP John Dinsmore
|
|
|
Batting: RHB Willie Lazcano
|
0-0: Ball 1-0: Called Strike 1-1: Swinging Strike 1-2: Ball 2-2: SINGLE (Groundball, 56, EV 101.9 MPH) (infield hit)
|
|
Batting: RHB Chase Briney
|
0-0: Fly out, F3 (Popup, 3L, EV 70.0 MPH)
|
|
Batting: LHB Randy Racine
|
0-0: Ball 1-0: Called Strike 1-1: Ball 2-1: Grounds into double play, 3-6-3 (Groundball, 34, EV 100.0 MPH)
|
| Bottom of the 1st over - 0 runs, 1 hit, 0 errors, 0 left on base; New Orleans 0 - Louisville 0 |
| TOP OF THE 2ND |
|
New Orleans Zephyrs batting - Pitching for Louisville Bats : LHP William Lobo
|
|
Batting: RHB Chris Lee
|
0-0: Ball 1-0: Ball 2-0: Ground out U3 (Groundball, 34S, EV 86.3 MPH)
|
|
Batting: RHB Humberto Oros
|
0-0: Foul Ball, location: 2F 0-1: Ball 1-1: Ball 2-1: Called Strike 2-2: Ground out 6-3 (Groundball, 6, EV 83.8 MPH)
|
|
Batting: RHB Bill de Jesus
|
0-0: Ball 1-0: Swinging Strike 1-1: Swinging Strike 1-2: SINGLE (Groundball, 6M, EV 103.8 MPH) (infield hit)
|
|
Batting: RHB Kyle Ashton
|
0-0: Called Strike 0-1: Ground out 5-3 (Groundball, 15, EV 88.8 MPH)
|
| Top of the 2nd over - 0 runs, 1 hit, 0 errors, 1 left on base; New Orleans 0 - Louisville 0 |
| BOTTOM OF THE 2ND |
|
Louisville Bats batting - Pitching for New Orleans Zephyrs : RHP John Dinsmore
|
|
Batting: RHB Jason Harris
|
0-0: Fly out, F8 (Flyball, 89D, EV 98.8 MPH)
|
|
Batting: SHB Paul Sandoval
|
0-0: Ball 1-0: Ball 2-0: Ball 3-0: Called Strike 3-1: Ground out 6-3 (Groundball, 6, EV 86.9 MPH)
|
|
Batting: RHB Chris Zamora
|
0-0: Ground out 6-3 (Groundball, 6, EV 105.0 MPH)
|
| Bottom of the 2nd over - 0 runs, 0 hits, 0 errors, 0 left on base; New Orleans 0 - Louisville 0 |
| TOP OF THE 3RD |
|
New Orleans Zephyrs batting - Pitching for Louisville Bats : LHP William Lobo
|
|
Batting: RHB John Jackson
|
0-0: Called Strike 0-1: Ball 1-1: Ball 2-1: Swinging Strike 2-2: Strikes out swinging
|
|
Batting: SHB Ramon Martinez
|
0-0: Ball 1-0: Ball 2-0: Ball 3-0: Called Strike 3-1: Called Strike 3-2: SINGLE (Line Drive, 78S, EV 101.9 MPH)
|
|
Batting: RHB Omar Contreras
|
0-0: Ball 1-0: Fly out, F8 (Flyball, 8LXD, EV 108.1 MPH)
|
|
Batting: RHB Alex Gomez
|
0-0: Ball Ramon Martinez is caught stealing 2nd base 2-4
|
| Top of the 3rd over - 0 runs, 1 hit, 0 errors, 0 left on base; New Orleans 0 - Louisville 0 |
| BOTTOM OF THE 3RD |
|
Louisville Bats batting - Pitching for New Orleans Zephyrs : RHP John Dinsmore
|
|
Batting: RHB Estanislau Gosendes
|
0-0: Ball 1-0: Foul Ball, location: 2F 1-1: Ball 2-1: Ball 3-1: SINGLE (Groundball, 5S, EV 75.6 MPH) (infield hit)
|
|
Batting: RHB Gerald de Vries
|
0-0: SINGLE (Groundball, 6D, EV 107.5 MPH) Estanislau Gosendes to second
|
|
Batting: RHB Yasusaburo Kuwahara
|
0-0: Ball 1-0: Foul Ball, location: 2F 1-1: Foul Ball, location: 2F 1-2: Foul Ball, location: 2F 1-2: Foul Ball, location: 2F 1-2: Ball 2-2: Grounds into double play, 6-4-3 (Groundball, 6, EV 85.0 MPH) Estanislau Gosendes to third
|
|
Batting: RHB Willie Lazcano
|
0-0: Ball 1-0: Foul Ball, location: 2F 1-1: Foul Ball, location: 2F 1-2: Ball 2-2: Reached on error, E5 (Groundball, 56S, EV 85.6 MPH) Estanislau Gosendes scores
|
|
Batting: RHB Chase Briney
|
0-0: Called Strike 0-1: Foul Ball, location: 2F 0-2: Ball Willie Lazcano is caught stealing 2nd base 2-4
|
| Bottom of the 3rd over - 1 run, 2 hits, 1 error, 0 left on base; New Orleans 0 - Louisville 1 |
| TOP OF THE 4TH |
|
New Orleans Zephyrs batting - Pitching for Louisville Bats : LHP William Lobo
|
|
Batting: RHB Alex Gomez
|
0-0: SINGLE (Flyball, 8RS, EV 93.1 MPH)
|
|
Batting: RHB Gebre-Giorgios Tikolo
|
0-0: SINGLE (Groundball, 56D, EV 105.0 MPH) Alex Gomez to second
|
|
Batting: RHB Chris Lee
|
0-0: Ground out 5-3 (Groundball, 5L, EV 105.6 MPH) Alex Gomez to third Gebre-Giorgios Tikolo to second
|
|
Batting: RHB Humberto Oros
|
0-0: Ball 1-0: Ball 2-0: SINGLE (Groundball, 6MD, EV 97.5 MPH) Alex Gomez scores Gebre-Giorgios Tikolo to third
|
|
Batting: RHB Bill de Jesus
|
0-0: Ball 1-0: Swinging Strike 1-1: Ball 2-1: Fielders Choice at 2nd, 6-4 (Groundball, 56, EV 105.6 MPH) Gebre-Giorgios Tikolo scores
|
|
Batting: RHB Kyle Ashton
|
0-0: Ball 1-0: Foul Ball, location: 2F 1-1: Called Strike 1-2: Strikes out looking
|
| Top of the 4th over - 2 runs, 3 hits, 0 errors, 1 left on base; New Orleans 2 - Louisville 1 |
| BOTTOM OF THE 4TH |
|
Louisville Bats batting - Pitching for New Orleans Zephyrs : RHP John Dinsmore
|
|
Batting: RHB Chase Briney
|
0-0: Ball 1-0: Ball 2-0: Called Strike 2-1: Fly out, F9 (Flyball, 89M, EV 93.1 MPH)
|
|
Batting: LHB Randy Racine
|
0-0: Ball 1-0: Ball 2-0: Ball 3-0: Base on Balls
|
|
Batting: RHB Jason Harris
|
0-0: Swinging Strike 0-1: Ball Randy Racine is caught stealing 2nd base 2-4 1-1: Ball 2-1: Called Strike 2-2: DOUBLE (Line Drive, 8RXD, EV 108.1 MPH)
|
|
Batting: SHB Paul Sandoval
|
0-0: Ball 1-0: Ball 2-0: Ground out 6-3 (Groundball, 6, EV 100.0 MPH)
|
| Bottom of the 4th over - 0 runs, 1 hit, 0 errors, 1 left on base; New Orleans 2 - Louisville 1 |
| TOP OF THE 5TH |
|
New Orleans Zephyrs batting - Pitching for Louisville Bats : LHP William Lobo
|
|
Batting: RHB John Jackson
|
0-0: Ball 1-0: Ball 2-0: Called Strike 2-1: SINGLE (Groundball, 56, EV 104.4 MPH) (infield hit)
|
|
Batting: SHB Ramon Martinez
|
0-0: Ball 1-0: 2-RUN HOME RUN (Flyball, 78XD, EV 97.5 MPH), Distance : 388 ft
|
|
Batting: RHB Omar Contreras
|
0-0: Ground out 4-3 (Groundball, 4, EV 85.0 MPH)
|
|
Batting: RHB Alex Gomez
|
0-0: SINGLE (Groundball, 6MD, EV 102.5 MPH)
|
|
Batting: RHB Gebre-Giorgios Tikolo
|
0-0: Ball 1-0: Ball 2-0: Called Strike 2-1: Swinging Strike 2-2: Strikes out looking
|
|
Batting: RHB Chris Lee
|
0-0: Swinging Strike 0-1: Ball 1-1: Ball 2-1: Ball 3-1: Ground out 4-3 (Groundball, 4, EV 84.4 MPH)
|
| Top of the 5th over - 2 runs, 3 hits, 0 errors, 1 left on base; New Orleans 4 - Louisville 1 |
| BOTTOM OF THE 5TH |
|
Louisville Bats batting - Pitching for New Orleans Zephyrs : RHP John Dinsmore
|
|
Batting: RHB Chris Zamora
|
0-0: Swinging Strike 0-1: Ball 1-1: Ground out U3 (Groundball, 23, EV 86.3 MPH)
|
|
Batting: RHB Estanislau Gosendes
|
0-0: Called Strike 0-1: Ball 1-1: Called Strike 1-2: Foul Ball, location: 2F 1-2: Strikes out swinging
|
|
Batting: RHB Gerald de Vries
|
0-0: Called Strike 0-1: Foul Ball, location: 2F 0-2: Ball 1-2: Ball 2-2: Ball 3-2: Ground out 4-3 (Groundball, 34, EV 104.4 MPH)
|
| Bottom of the 5th over - 0 runs, 0 hits, 0 errors, 0 left on base; New Orleans 4 - Louisville 1 |
| TOP OF THE 6TH |
|
New Orleans Zephyrs batting - Pitching for Louisville Bats : LHP William Lobo
|
|
Batting: RHB Humberto Oros
|
0-0: Called Strike 0-1: Ground out 5-3 (Groundball, 56, EV 88.1 MPH)
|
|
Batting: RHB Bill de Jesus
|
0-0: Foul Ball, location: 2F 0-1: Ball 1-1: Ground out 5-3 (Groundball, 56, EV 85.6 MPH)
|
|
Batting: RHB Kyle Ashton
|
0-0: Ball 1-0: Ball 2-0: Called Strike 2-1: SINGLE (Groundball, 56D, EV 94.4 MPH)
|
|
Batting: RHB John Jackson
|
0-0: Called Strike 0-1: Foul Ball, location: 2F 0-2: Foul Ball, location: 2F 0-2: Foul Ball, location: 2F 0-2: Strikes out swinging
|
| Top of the 6th over - 0 runs, 1 hit, 0 errors, 1 left on base; New Orleans 4 - Louisville 1 |
| BOTTOM OF THE 6TH |
|
Louisville Bats batting - Pitching for New Orleans Zephyrs : RHP John Dinsmore
|
|
Batting: RHB Yasusaburo Kuwahara
|
0-0: Ball 1-0: Ball 2-0: Reached on error, E8 (Flyball, 8RM, EV 90.0 MPH)
|
|
Pitching: RHP David Laska
|
|
|
Batting: RHB Willie Lazcano
|
0-0: Called Strike 0-1: Ball 1-1: Foul Ball, location: 2F 1-2: Foul Ball, location: 2F 1-2: Ball 2-2: Foul Ball, location: 2F 2-2: Ball 3-2: Base on Balls Yasusaburo Kuwahara to second
|
|
Batting: RHB Chase Briney
|
0-0: Swinging Strike 0-1: Ball 1-1: Ball 2-1: Ball 3-1: Foul Ball, location: 2F 3-2: Strikes out swinging
|
|
Batting: LHB Randy Racine
|
0-0: Called Strike Yasusaburo Kuwahara steals 3rd base Willie Lazcano to second 0-1: Called Strike 0-2: Ball 1-2: Ground out 6-3 (Groundball, 6, EV 85.6 MPH) Yasusaburo Kuwahara scores Willie Lazcano to third
|
|
Batting: RHB Jason Harris
|
0-0: Foul Ball, location: 2F 0-1: Ball 1-1: Swinging Strike 1-2: Strikes out looking
|
| Bottom of the 6th over - 1 run, 0 hits, 1 error, 1 left on base; New Orleans 4 - Louisville 2 |
| TOP OF THE 7TH |
|
New Orleans Zephyrs batting - Pitching for Louisville Bats : LHP William Lobo
|
|
Batting: SHB Ramon Martinez
|
0-0: Ball 1-0: Foul Ball, location: 2F 1-1: Ball 2-1: Ball 3-1: SINGLE (Flyball, 34D, EV 91.9 MPH)
|
|
Pitching: RHP Casey Truax
|
|
|
Batting: RHB Omar Contreras
|
0-0: Ball 1-0: Ball 2-0: SINGLE (Line Drive, 8RM, EV 86.3 MPH) Ramon Martinez to second
|
|
Batting: RHB Alex Gomez
|
0-0: Foul Ball, location: 2F 0-1: Ball 1-1: Swinging Strike 1-2: Ball 2-2: Foul Ball, location: 2F 2-2: Hit by Pitch Ramon Martinez to third Omar Contreras to second
|
|
Batting: RHB Gebre-Giorgios Tikolo
|
0-0: Foul Ball, location: 2F 0-1: Ball 1-1: Swinging Strike 1-2: Strikes out swinging
|
|
Batting: RHB Chris Lee
|
0-0: Foul Ball, location: 2F 0-1: Ball 1-1: Foul Ball, location: 2F 1-2: Ball 2-2: Strikes out swinging
|
|
Batting: RHB Humberto Oros
|
0-0: Called Strike 0-1: Ball 1-1: Ground out 1-3 (Groundball, 13S, EV 63.1 MPH)
|
| Top of the 7th over - 0 runs, 2 hits, 0 errors, 3 left on base; New Orleans 4 - Louisville 2 |
| BOTTOM OF THE 7TH |
|
Louisville Bats batting - Pitching for New Orleans Zephyrs : RHP David Laska
|
|
Pitching: RHP Mike Myers
|
|
|
Batting: SHB Paul Sandoval
|
0-0: Called Strike 0-1: Ball 1-1: Ball 2-1: Foul Ball, location: 2F 2-2: Ball 3-2: Foul Ball, location: 2F 3-2: Ground out U3 (Groundball, 3S, EV 66.9 MPH)
|
|
Batting: RHB Chris Zamora
|
0-0: Ball 1-0: Ball 2-0: Called Strike 2-1: Fly out, F8 (Line Drive, 8LD, EV 84.4 MPH)
|
|
Batting: RHB Estanislau Gosendes
|
0-0: Called Strike 0-1: Ground out 1-3 (Groundball, 13S, EV 69.4 MPH)
|
| Bottom of the 7th over - 0 runs, 0 hits, 0 errors, 0 left on base; New Orleans 4 - Louisville 2 |
| TOP OF THE 8TH |
|
New Orleans Zephyrs batting - Pitching for Louisville Bats : RHP Casey Truax
|
|
Pitching: LHP Logan Moultry
|
|
|
Batting: RHB Bill de Jesus
|
0-0: Called Strike 0-1: Called Strike 0-2: SOLO HOME RUN (Line Drive, 78XD, EV 113.8 MPH), Distance : 428 ft
|
|
Batting: RHB Kyle Ashton
|
0-0: Foul Ball, location: 5F, Error on foul ball, E5 0-1: Fly out, F9 (Flyball, 89XD, EV 91.3 MPH)
|
|
Batting: RHB John Jackson
|
0-0: Called Strike 0-1: Fly out, F8 (Flyball, 8RM, EV 95.6 MPH)
|
|
Batting: SHB Ramon Martinez
|
0-0: Ball 1-0: Ground out 6-3 (Groundball, 6, EV 105.6 MPH)
|
| Top of the 8th over - 1 run, 1 hit, 1 error, 0 left on base; New Orleans 5 - Louisville 2 |
| BOTTOM OF THE 8TH |
|
Louisville Bats batting - Pitching for New Orleans Zephyrs : RHP Mike Myers
|
|
Pitching: RHP Al Mendoza
|
|
|
Batting: RHB Gerald de Vries
|
0-0: Ball 1-0: SINGLE (Line Drive, 6MD, EV 110.0 MPH)
|
|
Batting: RHB Yasusaburo Kuwahara
|
0-0: Called Strike 0-1: Grounds into double play, 5-4-3 (Groundball, 56, EV 98.8 MPH)
|
|
Batting: RHB Willie Lazcano
|
0-0: Fly out, F7 (Flyball, 78M, EV 81.9 MPH)
|
| Bottom of the 8th over - 0 runs, 1 hit, 0 errors, 0 left on base; New Orleans 5 - Louisville 2 |
| TOP OF THE 9TH |
|
New Orleans Zephyrs batting - Pitching for Louisville Bats : LHP Logan Moultry
|
|
Batting: RHB Omar Contreras
|
0-0: Swinging Strike 0-1: Fly out, F8 (Flyball, 8LM, EV 80.0 MPH)
|
|
Batting: RHB Alex Gomez
|
0-0: Called Strike 0-1: Ground out U3 (Groundball, 34, EV 99.4 MPH)
|
|
Batting: RHB Gebre-Giorgios Tikolo
|
0-0: Called Strike 0-1: Ball 1-1: Foul Ball, location: 2F 1-2: Ground out 1-3 (Groundball, 15, EV 71.3 MPH)
|
| Top of the 9th over - 0 runs, 0 hits, 0 errors, 0 left on base; New Orleans 5 - Louisville 2 |
| BOTTOM OF THE 9TH |
|
Louisville Bats batting - Pitching for New Orleans Zephyrs : RHP Al Mendoza
|
|
Batting: RHB Chase Briney
|
0-0: Ball 1-0: Called Strike 1-1: Fly out, F9 (Line Drive, 9, EV 105.0 MPH)
|
|
Batting: LHB Randy Racine
|
0-0: Called Strike 0-1: Ball 1-1: Foul Ball, location: 2F 1-2: Ball 2-2: Foul Ball, location: 2F 2-2: Strikes out swinging
|
|
Batting: RHB Jason Harris
|
0-0: Ball 1-0: Ball 2-0: Ball 3-0: Called Strike 3-1: Fly out, F9 (Flyball, 9, EV 95.0 MPH)
|
| Bottom of the 9th over - 0 runs, 0 hits, 0 errors, 0 left on base; New Orleans 5 - Louisville 2 |
|